 Dungeon Crawl Stone Soup version 0.22-a0-299-g43f9854 (webtiles) character file.

100 Amnesiac the Magician (level 4, -1/26 HPs)
             Began as a Deep Elf Wizard on Mar 25, 2018.
             Slain by Grinder (5 damage)
             ... on level 3 of the Dungeon.
             The game lasted 00:02:17 (1857 turns).

Amnesiac the Magician (Deep Elf Wizard)             Turns: 1857, Time: 00:02:18

Health: -1/26      AC:  2    Str:  4    XL:     4   Next: 47%
Magic:  4/12       EV: 13    Int: 24    God:
Gold:   40         SH:  0    Dex: 13    Spells: 1/12 levels left

rFire    . . .     SeeInvis .   k - +2 dagger (drain)
rCold    . . .     Gourm    .   (no shield)
rNeg     . . .     Faith    .   a - +0 robe
rPois    .         Spirit   .   b - +0 hat
rElec    .         Reflect  .   (no cloak)
rCorr    .         Harm     .   (no gloves)
MR       .....                  (no boots)
Stlth    ++........             (no amulet)
HPRegen  0.08/turn              (no ring)
MPRegen  0.13/turn              (no ring)

@: no status effects
A: no striking features
a: no special abilities


You were on level 3 of the Dungeon.
You were not hungry.

You visited 1 branch of the dungeon, and saw 3 of its levels.

You collected 40 gold pieces.

Inventory:

Hand Weapons
 k - a +2 dagger of draining (weapon)
Missiles
 m - 12 poisoned needles
Armour
 a - a +0 robe (worn)
 b - a +0 hat (worn)
Jewellery
 g - an uncursed ring of flight {unknown}
Scrolls
 e - a scroll of fear {!r, unknown}
 h - a scroll of identify {!r, unknown}
 l - a scroll of fog {!r, unknown}
Potions
 f - a potion of lignification {!q, unknown}
 i - 2 potions of ambrosia {!q, unknown}
 j - a potion of magic {!q, unknown}
 n - 2 potions of might {!q, unknown}
Comestibles
 c - 5 chunks of flesh
 d - 4 rations


   Skills:
 + Level 1.7 Fighting
 - Level 2.4 Dodging
 - Level 2.4 Stealth
 - Level 4.5 Spellcasting
 * Level 4.0 Conjurations
 - Level 1.1 Summonings
 - Level 1.1 Translocations


You had one spell level left.
You knew the following spells:

 Your Spells              Type           Power        Failure   Level  Hunger
a - Magic Dart            Conj           ###.         1%          1    None
b - Call Imp              Summ           ##......     9%          2    None
e - Mephitic Cloud        Conj/Pois/Air  ##......     16%         3    ##.....
s - Conjure Flame         Conj/Fire      ###.....     12%         3    ##.....
v - Blink                 Tloc           N/A          9%          2    None


Dungeon Overview and Level Annotations

Branches:
Dungeon (3/15)

Altars:
Ashenzari

Annotations:
D:3 Grinder


Message History

Things that are here:
a jackal skeleton x2
Things that are here:
a jackal skeleton x2
Casting: Magic Dart (safe; 1% risk of failure)
Confirm with . or Enter, or press ? or * to list all spells.
Aiming: Conjure Flame (safe; 12% risk of failure)
Press: ? - help, Dir - move target cursor The fire ignites!
Grinder gestures at you.
You barely resist. Grinder gestures at you. You resist with significant effort.
There is a stone staircase leading up here.
Grinder says, "FISH!"
Grinder blinks!
Grinder blinks!
Casting: Conjure Flame (safe; 12% risk of failure)
Confirm with . or Enter, or press ? or * to list all spells.
Aiming: Conjure Flame (safe; 12% risk of failure)
Press: ? - help, Dir - move target cursor The fire ignites!
Casting: Conjure Flame (safe; 12% risk of failure)
Confirm with . or Enter, or press ? or * to list all spells.
Aiming: Conjure Flame (safe; 12% risk of failure)
Press: ? - help, Dir - move target cursor The fire ignites!
Casting: Conjure Flame (safe; 12% risk of failure)
Confirm with . or Enter, or press ? or * to list all spells.
Aiming: Conjure Flame (safe; 12% risk of failure)
Press: ? - help, Dir - move target cursor The fire ignites!
Casting: Conjure Flame (safe; 12% risk of failure)
Confirm with . or Enter, or press ? or * to list all spells.
Aiming: Conjure Flame (safe; 12% risk of failure)
Press: ? - help, Dir - move target cursor The fire ignites!
Grinder says, "What is the universe for?"
Grinder is engulfed in blazing flames.
Grinder hits you.
You writhe in agony.
You barely miss Grinder.
Grinder is moderately wounded.
Grinder is engulfed in blazing flames.
Grinder gestures at you. Pain shoots through your body!
Casting: Conjure Flame (safe; 12% risk of failure)
Confirm with . or Enter, or press ? or * to list all spells.
Aiming: Magic Dart (safe; 1% risk of failure)
Press: ? - help, Shift-Dir - straight line, f - Grinder
Aim: Grinder (heavily wounded)
The magic dart hits Grinder.
Grinder is heavily wounded.
Grinder hits you.
Unknown command.
Casting: Magic Dart (safe; 1% risk of failure)
Confirm with . or Enter, or press ? or * to list all spells.
Aiming: Magic Dart (safe; 1% risk of failure)
Press: ? - help, Shift-Dir - straight line, f/p - Grinder
Aim: Grinder (heavily wounded)
The magic dart hits Grinder.
Grinder is heavily wounded.
Grinder hits you!
* * * LOW HITPOINT WARNING * * *
You writhe in agony.
You die...

#.##.####..###.###
#.##.# #..# ##.#.
#÷##†## #..# ##.#
#.#...# #### ###
#<#..### #.#5.#.##
#.#.....###
#.#.......#
#@#..#.....#
#.5...#.....
###...##.... ..#.#
.#.. .##.# ##? #.
.# #. .# #.


You could see Grinder.

Vanquished Creatures
  2 adders (D:2)
  An ooze (D:1)
  2 worms (D:2)
  3 leopard geckos
  6 giant cockroaches
  6 goblins
  11 hobgoblins
  10 jackals
  A quokka (D:2)
  2 ball pythons (D:2)
  6 bats
  3 frilled lizards (D:1)
  3 kobolds (D:1)
  8 rats
64 creatures vanquished.

Vanquished Creatures (others)
  A giant cockroach (D:3)
  A kobold (D:3)
2 creatures vanquished.

Grand Total: 66 creatures vanquished

Notes
Turn   | Place    | Note
-------+----------+-------------------------------------------
     0 | D:1      | Amnesiac the Deep Elf Wizard began the quest for the Orb.
     0 | D:1      | Reached XP level 1. HP: 10/10 MP: 7/7
   187 | D:1      | Reached XP level 2. HP: 12/16 MP: 4/9
   191 | D:1      | Learned a level 2 spell: Blink
   194 | D:1      | Learned a level 2 spell: Call Imp
   445 | D:1      | Reached skill level 1 in Fighting
   561 | D:1      | Reached XP level 3. HP: 20/20 MP: 9/11
   566 | D:1      | Learned a level 3 spell: Conjure Flame
   570 | D:1      | Learned a level 3 spell: Mephitic Cloud
   900 | D:2      | Found a shattered altar of Ashenzari.
  1195 | D:2      | Reached XP level 4. HP: 25/25 MP: 6/12
  1764 | D:3      | Noticed Grinder
  1764 | D:3      | Paralysed by Grinder for 6 turns
  1857 | D:3      | Slain by Grinder

Vault maps used:
D:1:      wheals_arrival_shading
D:2:      first_ration, nicolae_ashenzari_panopticon
D:3:      marbit_many_paths, nicolae_tso_carved_into_rock, fiery_altar_vehumet,
          grunt_decor_resistance, uniq_grinder, uniq_ijyb

Skill      XL: |  1  2  3  4 |
---------------+-------------+-----
Conjurations   | 2 3 4 |  4.0
Fighting       | 1 |  1.7
Dodging        | |  2.4
Stealth        | |  2.4
Spellcasting   | |  4.5
Summonings     | |  1.1
Translocations | |  1.1

Action                   |  1- 3 |  4- 6 || total
-------------------------+-------+-------++-------
Melee: Unarmed           |     7 |       ||     7
       Dagger            |       |    43 ||    43
 Cast: Magic Dart        |    85 |    13 ||    98
       Conjure Flame     |       |     6 ||     6
       Mephitic Cloud    |       |     1 ||     1
 Stab: Sleeping          |       |     4 ||     4
  Eat: Chunk             |     1 |     2 ||     3
Armor: Robe              |     7 |     5 ||    12
Dodge: Dodged            |    14 |    27 ||    41

Table legend:
 A = Spawn XP
 B = Non-spawn XP
 C = Spawn XP percentage of total XP
 D = Spawn monster count
 E = Non-spawn monster count
 F = Spawn count percentage of total count
 G = Total turns spent on level
                    A         B        C        D         E        F      G
               +---------+---------+-------+---------+---------+-------+---------
         Total |       0 |     144 |   0.0 |       0 |      64 |   0.0 |  1857
               +---------+---------+-------+---------+---------+-------+---------
           D:1 |       0 |      44 |   0.0 |       0 |      26 |   0.0 |   770
           D:2 |       0 |      93 |   0.0 |       0 |      34 |   0.0 |   939
           D:3 |       0 |       7 |   0.0 |       0 |       4 |   0.0 |   148
               +---------+---------+-------+---------+---------+-------+---------
